Map: Backwater LE

Players

RorroCaro - Winner!

  • Race: Protoss Protoss
  • League: Silver
  • Spawn Location: 11:00

fruitcake

  • Race: Terran Terran
  • Spawn Location: 5:00

VOD

Have the link to the VOD?

Description

Time

  • Played on: May 12, 2018, 10:58 a.m.
  • Length: 14:37
Show
View Real Time Build Order
Export as new Build Order

RorroCaro Protoss - Winner!

Build Orders: Double Forge 

Get SALT Encoding   

  12  0:02  Probe  
  14  0:14  Probe  
  14  0:25  Pylon  
  14  0:28  Probe  
  15  0:43  Probe  
  15  0:45  Gateway  
  16  0:55  Probe  
  17  0:58  Gateway  
  17  1:07  Probe  
  18  1:12  Assimilator  
  18  1:24  Probe  
  19  1:39  Cybernetics Core  
  19  1:40  Probe  
  20  1:48  Probe  
  21  1:54  Nexus  
  21  2:01  Probe  
  22  2:13  Probe  
  23  2:30  Assimilator  
  23  2:46  Pylon  
  23  2:50  Pylon  
  23  2:52  Warp Gate  
  23  2:58  Stalker  
  23  3:04  Probe  
  26  3:08  Stalker  
  26  3:11  Gateway  
  26  3:12  Gateway  
  26  3:16  Probe  
  29  3:23  Probe  
  30  3:28  Probe  
  31  3:35  Probe  
  32  3:45  Stalker  
  32  3:46  Stalker  
  36  3:59  Twilight Council  
  36  4:07  Forge  
  36  4:10  Stalker  
  36  4:11  Forge  
  36  4:15  Probe x2  
  40  4:24  Nexus  
  40  4:30  Pylon  
  40  4:32  Pylon, Probe  
  40  4:34  Probe  
  42  4:46  Protoss Ground Weapons Level 1  
  42  4:47  Protoss Ground Armor Level 1  
  42  4:52  Probe x2  
  44  4:57  Assimilator  
  44  5:01  Assimilator  
  44  5:04  Probe x2  
  46  5:21  Pylon  
  46  5:23  Photon Cannon  
  46  5:25  Probe  
  46  5:26  Probe  
  48  5:30  Stalker x3  
  48  5:34  Stalker  
  56  5:38  Probe  
  57  5:45  Robotics Facility  
  57  5:53  Probe x3  
  60  6:05  Probe  
  60  6:06  Probe x2  
  63  6:17  Photon Cannon  
  63  6:20  Stalker x3  
  63  6:21  Photon Cannon  
  63  6:23  Photon Cannon  
  69  6:32  Observer  
  70  6:40  Probe  
  70  6:43  Probe x2  
  70  6:44  Protoss Ground Weapons Level 2  
  73  6:47  Protoss Ground Armor Level 2  
  73  6:52  Stalker x3  
  79  7:26  Probe x3  
  79  7:29  Stalker x2  
  86  7:30  Stalker x2  
  90  7:37  Assimilator  
  90  7:39  Probe x3  
  90  7:40  Assimilator  
  93  7:45  Pylon  
  93  7:48  Pylon  
  93  7:50  Pylon  
  93  8:13  Observer  
  93  8:20  Nexus  
  93  8:25  Pylon  
  93  8:27  Pylon  
  93  8:29  Pylon  
  93  8:38  Probe x3  
  96  8:45  Protoss Ground Weapons Level 3  
  96  8:46  Immortal, Protoss Ground Armor Level 3  
  100  9:15  Gateway  
  100  9:18  Gateway, Probe  
  100  9:19  Gateway, Probe x2  
  100  9:20  Gateway  
  103  9:31  Stalker x3  
  103  9:32  Stalker  
  103  9:34  Immortal  
  115  9:53  Probe  
  115  9:54  Probe x3  
  119  10:04  Immortal  
  122  10:22  Stalker x4  
  122  10:23  Stalker x2  
  134  10:33  Immortal  
  134  10:38  Probe x3  
  134  10:40  Probe  
  142  10:59  Stalker x4  
  142  11:00  Stalker x3  
  156  11:16  Pylon  
  156  11:18  Pylon  
  156  11:21  Pylon, Assimilator  
  156  11:23  Pylon  
  156  11:24  Assimilator  
  156  11:26  Pylon  
  156  11:34  Probe x4, Immortal  
  164  11:45  Protoss Shields Level 1  
  164  11:57  Probe x3, Robotics Bay  
  164  11:58  Probe  
  152  12:11  Blink  
  150  12:26  Immortal  
  150  12:27  Stalker x2  
  150  12:28  Stalker x5  
  150  12:29  Stalker  
  170  12:52  Gravitic Drive, Immortal  
  174  13:31  Immortal  
  178  13:42  Stalker x4  
  178  13:43  Stalker x3  
  178  13:44  Stalker, Nexus  
Show
View Real Time Build Order
Export as new Build Order

fruitcake Terran 

Build Orders:  

Get SALT Encoding   

  12  0:01  SCV  
  13  0:14  Supply Depot  
  13  0:18  SCV  
  14  0:30  SCV  
  14  0:33  Refinery  
  15  0:42  SCV  
  16  0:48  Barracks  
  16  0:54  SCV  
  17  1:06  SCV  
  18  1:18  SCV  
  18  1:23  Supply Depot  
  19  1:28  Refinery  
  19  1:31  SCV  
  20  1:37  Marine  
  21  1:43  SCV, Factory  
  22  1:55  SCV  
  22  1:59  Supply Depot  
  23  2:14  Barracks Reactor  
  23  2:17  SCV  
  24  2:24  Factory  
  24  2:29  SCV  
  25  2:35  Factory Reactor  
  25  2:55  Command Center  
  25  3:04  Orbital Command  
  25  3:07  Marine  
  25  3:09  Marine  
  27  3:13  Factory Reactor  
  27  3:23  Cyclone  
  30  3:33  Cyclone  
  33  3:43  SCV  
  34  3:49  Supply Depot  
  34  3:55  SCV  
  35  3:56  Cyclone  
  38  4:07  Cyclone  
  41  4:14  SCV  
  42  4:21  Orbital Command  
  42  4:26  SCV  
  42  4:29  Cyclone  
  46  4:37  Cyclone  
  49  4:52  Refinery  
  49  4:54  Refinery  
  49  4:58  Supply Depot  
  49  5:05  Cyclone  
  52  5:07  SCV  
  53  5:19  SCV  
  54  5:24  Starport  
  54  5:26  Command Center  
  54  5:27  Cyclone  
  57  5:45  SCV x2  
  59  5:57  SCV x2  
  59  6:02  Cyclone x2  
  67  6:05  Cyclone  
  70  6:22  Supply Depot  
  70  6:25  Starport Reactor  
  70  6:28  Engineering Bay  
  70  6:31  Supply Depot  
  70  6:37  SCV, Cyclone x2  
  78  6:41  Orbital Command  
  78  6:46  SCV  
  78  6:49  SCV  
  79  6:58  SCV  
  80  7:01  Armory  
  80  7:02  SCV  
  80  7:05  Missile Turret  
  81  7:12  Missile Turret  
  81  7:16  Missile Turret  
  81  7:20  Cyclone x2  
  87  7:25  Viking  
  87  7:27  SCV  
  90  7:34  Refinery  
  90  7:37  Missile Turret  
  90  7:39  SCV  
  91  7:46  Missile Turret  
  91  7:49  Terran Vehicle Weapons Level 1  
  91  7:51  Cyclone  
  91  7:52  SCV  
  91  7:53  SCV  
  96  8:03  Cyclone, Refinery  
  96  8:05  SCV  
  100  8:06  Missile Turret  
  100  8:13  Supply Depot  
  100  8:15  Supply Depot  
  100  8:23  Missile Turret  
  100  8:26  SCV  
  101  8:34  Sensor Tower  
  101  8:35  SCV x2, Cyclone x2  
  101  8:38  SCV  
  110  8:43  Cyclone x2  
  110  8:44  Missile Turret  
  110  8:47  SCV  
  117  9:47  Missile Turret  
  117  9:57  Terran Vehicle Weapons Level 2  
  117  9:58  Sensor Tower  
  117  10:05  Supply Depot  
  117  10:06  Supply Depot x2  
  117  10:07  Missile Turret, Supply Depot  
  117  10:08  Supply Depot  
  117  10:09  Supply Depot  
  117  10:10  Supply Depot  
  117  10:11  Supply Depot  
  117  10:26  Viking  
  117  10:27  Cyclone x2  
  117  10:28  SCV x2, Cyclone x2, Viking  
  135  10:33  Command Center  
  135  10:40  SCV  
  136  10:45  Missile Turret  
  136  10:52  SCV  
  136  10:56  Viking  
  139  10:58  Viking  
  139  10:59  Cyclone x2  
  139  11:00  Cyclone x2  
  153  11:04  SCV  
  153  11:05  Fusion Core, Missile Turret  
  154  11:13  Liberator, Starport  
  154  11:16  Liberator  
  154  11:27  Missile Turret  
  154  11:31  Cyclone x2  
  154  11:32  Cyclone x2  
  172  11:50  Starport  
  172  11:51  Refinery  
  172  11:58  Sensor Tower  
  172  12:03  Cyclone x2  
  172  12:04  Cyclone  
  143  12:17  Starport Tech Lab, Refinery  
  143  12:32  Barracks Tech Lab  
  143  12:36  Starport Tech Lab  
  143  12:43  SCV  
  144  12:47  Planetary Fortress  
  144  12:55  SCV  
  145  13:07  SCV  
  145  13:12  Supply Depot  
  146  13:30  Battlecruiser, Raven  
  154  13:44  SCV  
  154  13:48  SCV  
  156  13:56  SCV  
  156  14:00  SCV  
  158  14:08  SCV  
  155  14:20  SCV  
Tags
 
Add a new tag
Caveats
  • Supply blocks, unpowered buildings, or Contaminate may cause inaccurate times.
  • Supply counts are checked every 10 seconds.